 Dungeon Crawl Stone Soup version 0.23-a0-612-gcb482e9 (webtiles) character file.

340 Borgoz the Skirmisher (level 6, 0/53 HPs)
             Began as a Ghoul Abyssal Knight on Dec 22, 2018.
             Was a Believer of Lugonu.
             Slain by a quasit (2 damage)
             ... on level 5 of the Dungeon.
             The game lasted 00:06:06 (2912 turns).

Borgoz the Skirmisher (Ghoul Abyssal Knight)        Turns: 2912, Time: 00:06:07

Health: 0/53       AC:  5    Str: 16      XL:     6   Next: 56%
Magic:  0/7        EV: 10    Int:  7      God:    Lugonu [**....]
Gold:   207        SH:  0    Dex:  9 (10) Spells: 5/5 levels left

rFire    . . .     SeeInvis .   a - +1 hand axe
rCold    + . .     Gourm    .   (no shield)
rNeg     + + +     Faith    .   b - +0 leather armour
rPois    ∞         Spirit   +   q - +2 hat
rElec    .         Reflect  .   g - scarf {Spirit}
rCorr    .         Harm     .   (no gloves)
MR       .....                  (no boots)
Stlth    +.........             (no amulet)
HPRegen  0.00/turn              h - -2 ring of evasion (curse)
MPRegen  0.10/turn              (no ring)

@: rotting
A: rotting body, claws 1, carnivore, cold resistance 1, negative energy
resistance 3, inhibited regeneration, torment resistance, unbreathing
a: Depart the Abyss, Bend Space, Renounce Religion


You were on level 5 of the Dungeon.
You worshipped Lugonu.
Lugonu was pleased with you.
You were not hungry.

You visited 1 branch of the dungeon, and saw 5 of its levels.
You visited the Abyss 1 time.

You collected 207 gold pieces.

Inventory:

Hand Weapons
 a - a +1 hand axe (weapon)
Armour
 b - a +0 leather armour (worn)
 g - a scarf of spirit shield (worn)
 q - a +2 hat (worn)
Jewellery
 d - a +4 ring of protection {unknown}
 h - a cursed -2 ring of evasion (left claw)
 s - an uncursed amulet of the gourmand {unknown}
Wands
 m - a wand of flame (13)
Scrolls
 j - 2 scrolls of enchant armour
 k - 3 scrolls of fog
 l - 2 scrolls of teleportation {unknown}
 o - a scroll of fear {unknown}
 r - a scroll of random uselessness {unknown}
Potions
 e - 2 potions of mutation
 f - 2 potions of curing
 i - a potion of flight
 n - a potion of lignification {unknown}
 t - 2 potions of haste {unknown}
Comestibles
 c - 9 rations


   Skills:
 + Level 4.5 Fighting
 + Level 3.1 Axes
 + Level 3.0 Armour
 + Level 2.6 Dodging
 + Level 3.6 Invocations


You had 5 spell levels left.
You didn't know any spells.
Your spell library contained the following spells:

 Spells                   Type           Power        Failure   Level  Hunger
 Magic Dart               Conj           #...         50%         1    ##.....
 Searing Ray              Conj           #.....       63%         2    ###....
 Dazzling Spray           Conj/Hex       #.....       86%         3    ####...
 Force Lance              Conj/Tloc      #.......     99%         4    #####..
 Fulminant Prism          Conj/Hex       #.........   99%         4    #####..
 Iskenderun's Mystic Bla  Conj           #.......     99%         4    #####..


Dungeon Overview and Level Annotations

Branches:
Dungeon (5/15)             Temple (0/1) D:5

Altars:
Nemelex Xobeh
Sif Muna


Innate Abilities, Weirdness & Mutations

Your body is rotting away.
You thrive on raw meat.
You are immune to poison.
You have sharp fingernails.
You are carnivorous and can eat meat at any time.
Your flesh is cold resistant. (rC+)
You are immune to negative energy. (rN+++)
You do not regenerate when monsters are visible.
You are immune to unholy pain and torment.
You can survive without breathing.


Message History

You kill the hound!
Lugonu accepts your kill. The quasit bites you.
* * * LOW HITPOINT WARNING * * *
The quasit misses you. The quasit claws you.
* * * LOW HITPOINT WARNING * * *
The centaur barely misses you. The adder completely misses you.
The crimson imp blinks!
Okay, then.
You feel better. The quasit bites you.
* * * LOW HITPOINT WARNING * * *
You feel clumsy. The quasit barely misses you.
The quasit claws you but does no damage.
The centaur barely misses you. The adder bites you.
* * * LOW HITPOINT WARNING * * *
The quasit bites you.
* * * LOW HITPOINT WARNING * * *
The quasit claws you.
You die...

#... #########... ####
##..#........
#.....##..#........
#.....#...#........
....+............
##.##.##.##.....<
###c........#......
#####.@S..........+##..
#<...(#5.⌠...⌠..#...#..
#.....#.........#...#..
#+###.(((..>......#.#..
.......#.........###.###
......§#..⌠...⌠..# .
....................
.......#.........#..
5......##.##.##.## #


You could see a centaur, a quasit and an adder.

Vanquished Creatures
  An ice beast (D:5)
  A howler monkey (D:4)
  A hound (D:5)
  An orc priest (D:3)
  2 adders (D:2)
  A howler monkey skeleton (D:4)
  2 oozes
  5 worms
  A dart slug (D:1)
  2 leopard geckos
  6 orcs (D:3)
  A ball python (D:1)
  8 giant cockroaches
  4 goblins
  16 hobgoblins
  17 jackals
  9 bats
  4 frilled lizards
  6 kobolds
  3 rats
91 creatures vanquished.

Notes
Turn   | Place    | Note
-------+----------+-------------------------------------------
     0 | Abyss:1  | Borgoz the Ghoul Abyssal Knight began the quest for the
                  | Orb.
     0 | Abyss:1  | Reached XP level 1. HP: 19/19 MP: 1/1
    43 | Abyss:1  | Noticed a worldbinder
    44 | Abyss:1  | Noticed a wind drake
    44 | D:1      | Escaped the Abyss
    64 | D:1      | Reached skill level 1 in Dodging
    76 | D:1      | Reached XP level 2. HP: 15/26 MP: 2/2
   155 | D:1      | Reached * piety under Lugonu
   323 | D:1      | Reached XP level 3. HP: 22/31 MP: 3/3
   692 | D:2      | Found a sparkling altar of Nemelex Xobeh.
   738 | D:2      | Reached XP level 4. HP: 36/40 MP: 3/5
   978 | D:2      | Reached ** piety under Lugonu
  1356 | D:3      | Reached skill level 4 in Fighting
  1356 | D:3      | Reached XP level 5. HP: 21/46 MP: 2/6
  2064 | D:4      | Found a deep blue altar of Sif Muna.
  2864 | D:5      | Entered Level 5 of the Dungeon
  2872 | D:5      | Found a staircase to the Ecumenical Temple.
  2875 | D:5      | Noticed an ice beast
  2878 | D:5      | Killed an ice beast
  2878 | D:5      | Reached XP level 6. HP: 53/53 MP: 7/7
  2912 | D:5      | HP: 2/53 [quasit (3)]
  2912 | D:5      | Slain by a quasit

Vault maps used:
D:1:      ncdulo_wetmaze, minmay_pentomino_r2
D:2:      nicolae_overflow_hidden_temple, minivault_5
D:3:      minmay_three_crescents
D:4:      led_sif_book
D:5:      minmay_temple_entry_large_hall, first_ration, serial_shops,
          shop_fountains, grunt_dithmenos_smoke_and_mirrors,
          uniq_crazy_yiuf_cottage

Skill      XL: |  1  2  3  4  5 |
---------------+----------------+-----
Dodging        | 1 2 |  2.6
Axes           | 2 3 |  3.1
Armour         | 2 3 |  3.0
Fighting       | 4 |  4.5
Invocations    | 3 |  3.6

Action                   |  1- 3 |  4- 6 || total
-------------------------+-------+-------++-------
Melee: Hand axe          |   110 |   224 ||   334
Invok: Depart the Abyss  |     1 |       ||     1
Evoke: Wand              |       |     3 ||     3
  Use: Potion            |       |     6 ||     6
       Scroll            |       |     4 ||     4
  Eat: Chunk             |     9 |    27 ||    36
Armor: Leather armour    |    45 |    93 ||   138
Dodge: Dodged            |   105 |   164 ||   269

Table legend:
 A = Non-vault XP
 B = Vault XP
 C = Vault XP percentage of total XP
 D = Non-vault monster count
 E = Vault monster count
 F = Vault count percentage of total count
                 A         B        C        D         E       F
            +---------+---------+-------+---------+---------+-------
      Total |     470 |      16 |   3.3 |      84 |       7 |   7.7
            +---------+---------+-------+---------+---------+-------
        D:1 |      48 |       2 |   4.0 |      26 |       1 |   3.7
        D:2 |      58 |       0 |   0.0 |      18 |       0 |   0.0
        D:3 |      94 |      14 |  13.0 |      19 |       6 |  24.0
        D:4 |     102 |       0 |   0.0 |      18 |       0 |   0.0
        D:5 |     168 |       0 |   0.0 |       3 |       0 |   0.0
            +---------+---------+-------+---------+---------+-------
